 Dungeon Crawl Stone Soup version 0.25-a0-1007-g10a8c3caa8 (webtiles) character file.

Game seed: 15645153688868093363, levelgen mode: deterministic

42 Flugslaktarn the Skirmisher (level 3, -1/33 HPs)
             Began as a Minotaur Fighter on May 11, 2020.
             Killed by nerve-wracking pain
             ... invoked by Jessica
              (11 damage)
             ... on level 2 of the Dungeon.
             The game lasted 00:00:14 (171 turns).

Flugslaktarn the Skirmisher (Minotaur Fighter)       Turns: 171, Time: 00:00:14

Health: -1/33      AC:  7    Str: 20    XL:     3   Next: 33%
Magic:  2/2        EV:  7    Int:  5    God:
Gold:   17         SH:  9    Dex: 10    Spells: 2/2 levels left

rFire    . . .     SeeInvis .   a - +0 war axe
rCold    . . .     Gourm    .   c - +0 kite shield
rNeg     . . .     Faith    .   b - +0 scale mail
rPois    .         Spirit   .   (helmet restricted)
rElec    .         Reflect  .   (no cloak)
rCorr    .         Harm     .   (no gloves)
MR       .....                  (no boots)
Stlth    ..........             (no amulet)
HPRegen  0.11/turn              (no ring)
MPRegen  0.08/turn              (no ring)

@: no status effects
A: retaliatory headbutt, horns 2
a: no special abilities


You were on level 2 of the Dungeon.
You were not hungry.

You visited 1 branch of the dungeon, and saw 2 of its levels.

You collected 17 gold pieces.

Inventory:

Hand Weapons
 a - a +0 war axe (weapon)
Armour
 b - a +0 scale mail (worn)
 c - a +0 kite shield (worn)
Jewellery
 i - an uncursed amulet of the acrobat {unknown}
   (You found it on level 2 of the Dungeon)
Scrolls
 f - a scroll of identify {unknown}
 g - a scroll of remove curse {unknown}
Potions
 d - a potion of might
Comestibles
 e - a ration
 h - 2 chunks of flesh


   Skills:
 + Level 4.0 Fighting
 * Level 3.4 Axes
 + Level 4.0 Armour
 + Level 4.0 Shields


You had 2 spell levels left.
You didn't know any spells.
Your spell library was empty.

Dungeon Overview and Level Annotations

Branches:
Dungeon (2/15)

Altars:

Annotations:
D:2 Jessica, Sigmund


Innate Abilities, Weirdness & Mutations

You reflexively headbutt those who attack you in melee.
You have a pair of horns on your head.


Message History

There is a stone staircase leading up here.
Something hits you.
Found 13 gold pieces.
The jackal bites you but does no damage.
Your shield and scale mail prevent you from hitting the jackal.
Your headbutt misses the jackal. The jackal bites you.
Jessica the Apprentice Sorceress comes into view.
You block the jackal's attack.
You closely miss the jackal. The jackal bites you. Something hits you.
* * * LOW HITPOINT WARNING * * *
The jackal bites you but does no damage.
You block the jackal's attack.
You are too injured to fight recklessly!
You are too injured to fight recklessly!
You closely miss the jackal. You headbutt the jackal.
You kill the jackal!
Something completely misses you.
Jessica points at you and mumbles some strange words.
Pain shoots through your body!
You die...

..### . ..$ . .@. .. ...
.# #.# ###########.# #.#
............# #†#
#............# #@#
#.........<..#
.######.###............#
.......<..#.(..........#
..........#............#
#######†.(#............#
#.(.#.......)....# ###
#.†...........#### ...
#))†.)......÷.#
###.###.............####


You could see Jessica.

Vanquished Creatures
  2 gnolls (D:2)
  A worm (D:2)
  A giant cockroach (D:2)
  A goblin (D:2)
  2 hobgoblins (D:2)
  5 jackals (D:2)
  2 kobolds
  2 bats (D:2)
  2 rats
  2 toadstools (D:2)
20 creatures vanquished.

Notes
Turn   | Place    | Note
-------+----------+-------------------------------------------
     0 | D:1      | Flugslaktarn the Minotaur Fighter began the quest for the
                  | Orb.
     0 | D:1      | Reached XP level 1. HP: 19/19 MP: 0/0
   120 | D:2      | Reached XP level 2. HP: 22/27 MP: 1/1
   128 | D:2      | Reached XP level 3. HP: 27/33 MP: 2/2
   141 | D:2      | Noticed Sigmund
   169 | D:2      | Noticed Jessica
   171 | D:2      | Killed from afar by Jessica

Illustrated notes

Levels and vault maps discovered:
D:1:      nagdon_arrival_zigzag_paths, layout_basic, serial_park_tiny_1
D:2:      layout_basic, glass_columns_c, minmay_gold_behind_fungi, uniq_terence,
          uniq_jessica, uniq_sigmund

Skill      XL: |  1  2 |
---------------+-------+-----
Axes           | 3 |  3.4
Fighting       | 4 |  4.0
Armour         | 4 |  4.0
Shields        | 4 |  4.0

Action                   || total
-------------------------++-------
Melee: War axe           ||    41
       Headbutt          ||     4
Armor: Scale mail        ||    28
Dodge: Dodged            ||    11
Block: Kite shield       ||    34

Table legend:
 A = Non-vault XP
 B = Vault XP
 C = Vault XP percentage of total XP
 D = Non-vault monster count
 E = Vault monster count
 F = Vault count percentage of total count
                 A         B        C        D         E       F
            +---------+---------+-------+---------+---------+-------
      Total |      60 |       0 |   0.0 |      18 |       0 |   0.0
            +---------+---------+-------+---------+---------+-------
        D:1 |       3 |       0 |   0.0 |       2 |       0 |   0.0
        D:2 |      57 |       0 |   0.0 |      16 |       0 |   0.0
            +---------+---------+-------+---------+---------+-------
